 Dungeon Crawl Stone Soup version 0.13.1-28-g3517093 (console) character file.

639 Revolution the Chopper (level 6, -4/56 HPs)
             Began as a Deep Dwarf Gladiator on Mar 2, 2014.
             Killed from afar by an electric eel (10 damage)
             ... with a bolt of electricity
             ... on Level 8 of the Dungeon.
             The game lasted 00:10:35 (1598 turns).

Revolution the Chopper (Deep Dwarf Gladiator)       Turns: 1598, Time: 00:10:35

HP  -4/56        AC 10     Str 19      XL: 6   Next: 87%
MP   5/5         EV  2     Int  8      God:
Gold 156         SH 32     Dex 18      Spells:  0 memorised,  5 levels left

Res.Fire  : . . .   See Invis. : .   b - -1,+0 orc war axe
Res.Cold  : . . .   Warding    : .   h - +0 chain mail
Life Prot.: . . .   Conserve   : .   g - +1 dwarf large shield
Res.Poison: .       Res.Corr.  : .   c - +0 dwarf helmet
Res.Elec. : .       Clarity    : .   (no cloak)
Sust.Abil.: . .     Spirit.Shd : .   (no gloves)
Res.Mut.  : .       Stasis     : .   (no boots)
Res.Rott. : .       Flight     : .   (no amulet)
Saprovore : . . .                    (no ring)
                                     k - +3 ring of dexterity

@: non-regenerating, somewhat resistant to hostile enchantments, extremely
unstealthy
A: damage resistance, recharge devices, sense surroundings 1, slow healing 3
a: Device Recharging


You were on level 8 of the Dungeon.
You were not hungry.

You visited 2 branches of the dungeon, and saw 9 of its levels.

You collected 136 gold pieces.

Inventory:

Hand weapons
 a - a +0,+0 dwarven hand axe {=f}
 b - a -1,+0 orcish war axe (weapon)
 p - a +0 blowgun
Missiles
 d - a throwing net (quivered)
Armour
 c - a +0 dwarven helmet (worn)
 g - a +1 dwarven large shield (worn)
 h - a +0 chain mail (worn)
Magical devices
 e - a wand of heal wounds (0)
Comestibles
 f - 2 bread rations
 i - a chunk of worker ant flesh
 j - 2 meat rations
Scrolls
 m - 2 scrolls of remove curse
Jewellery
 k - a +3 ring of dexterity (left hand)


   Skills:
 + Level 3.1 Fighting
 * Level 5.6 Axes
 - Level 1.7 Throwing
 * Level 4.3 Armour
 - Level 3.5 Dodging
 + Level 2.4 Shields


You had 5 spell levels left.
You didn't know any spells.

Dungeon Overview and Level Annotations

Branches:
Dungeon (8/27)             Temple (1/1) D:5            Lair (0/8) D:8
    Orc: D:6-11

Altars:
Ashenzari
Cheibriados
Elyvilon
Fedhas
Sif Muna
Vehumet
Xom
Yredelemnul

Annotations:
D:8 Blork the orc


Innate Abilities, Weirdness & Mutations

You are resistant to damage.
You can recharge devices by infusing magical energy.
You passively map a small area around you.
You do not heal naturally.


Message History

Blork the orc seems to speed up.
The electric eel shoots out a bolt of electricity!
The bolt of electricity hits the jackal.
The jackal dies!
The bolt of electricity hits you!
* * * LOW HITPOINT WARNING * * *
The electric eel shoots out a bolt of electricity!
The bolt of electricity hits you!
* * * LOW HITPOINT WARNING * * *
You block the big fish's attack.
Found a bread ration, 37 arrows and a jackal corpse.
Found a staircase to the Lair.
A worker ant, 2 big fish, 2 giant goldfish and 4 electric eels come into view.
A troll comes into view.
The troll shouts!
The worker ant twitches its antennae in your direction.
The electric eel shoots out a bolt of electricity!
The bolt of electricity misses the electric eel.
The bolt of electricity hits you!
You die...

* #. #........ * *
. ........... ,*
≈.≈..≈%.≈.... ,
,...≈..≈≈≈.≈≈..≈
..(≈;≈≈≈≈≈≈≈≈≈≈≈ *
..≈.≈≈≈≈..≈≈≈≈≈≈≈ ≈
,....≈≈≈..≈...≈;%;
*
..≈≈.;≈;...≈.≈≈≈≈≈
,
.(.≈≈≈h..@....o.T.
, ,
.≈.≈≈≈≈....≈≈≈≈≈≈ *
,..≈≈≈≈.≈≈.≈..;≈≈≈≈
.≈≈≈≈≈≈≈≈≈≈≈≈≈≈≈ ,
.≈≈;≈≈≈;≈≈≈≈;.≈, *
≈.≈≈≈≈≈≈≈≈≈;. *
≈.≈≈≈≈≈≈≈..
.≈a≈≈≈≈.. ...


You could see a troll, 2 giant goldfish, Blork the orc, 4 big fish, a hound, a
worker ant and 4 electric eels.

Vanquished Creatures
  An ogre (D:8)
  A giant frog (D:6)
  A crimson imp (D:6)
  An orc priest (D:5)
  2 hounds
  A scorpion (D:4)
  An iguana (D:6)
  A worker ant (D:7)
  Jessica (D:3)
  3 adders
  4 gnolls (D:8)
  4 orcs
  A ball python (D:3)
  A bat zombie (D:5)
  2 goblins
  6 hobgoblins
  7 jackals (D:3)
  2 quokkas
  7 bats
  A giant newt (D:4)
  6 kobolds
  3 rats
57 creatures vanquished.

Vanquished Creatures (others)
  A jackal (D:8)
1 creature vanquished.

Grand Total: 58 creatures vanquished

Notes
Turn   | Place    | Note
--------------------------------------------------------------
     0 | D:1      | Revolution, the Deep Dwarf Gladiator, began the quest for the Orb.
     0 | D:1      | Reached XP level 1. HP: 20/20 MP: 0/0
   141 | D:2      | Reached skill level 1 in Armour
   174 | D:3      | Reached XP level 2. HP: 20/27 MP: 1/1
   368 | D:4      | Reached XP level 3. HP: 20/33 MP: 2/2
   417 | D:5      | Entered Level 5 of the Dungeon
   526 | D:4      | Reached skill level 4 in Axes
   596 | D:4      | Reached XP level 4. HP: 15/42 MP: 3/3
   677 | D:3      | Noticed Jessica
   685 | D:3      | Killed Jessica
   869 | D:5      | Found a staircase to the Ecumenical Temple.
   879 | Temple   | Entered the Ecumenical Temple
  1065 | D:5      | Reached skill level 1 in Shields
  1065 | D:5      | Reached XP level 5. HP: 21/48 MP: 4/4
  1139 | D:6      | HP: 1/48 [iguana (9)]
  1165 | D:6      | Noticed a giant frog
  1179 | D:6      | Killed a giant frog
  1216 | D:6      | Reached skill level 5 in Axes
  1216 | D:6      | Reached XP level 6. HP: 8/56 MP: 5/5
  1270 | D:6      | Got a brightly glowing leather armour
  1283 | D:6      | Identified the +1 leather armour of Purpose {Dex+3 Int-5} (You found it on level 6 of the Dungeon)
  1391 | D:6      | Found a shattered altar of Ashenzari.
  1562 | D:8      | Noticed a wolf
  1579 | D:8      | HP: 2/56 [wolf (1)]
  1580 | D:8      | Noticed a wolf
  1583 | D:8      | Noticed a wolf
  1586 | D:8      | Noticed a wolf
  1597 | D:8      | Found a staircase to the Lair.
  1598 | D:8      | Noticed Blork the orc
  1598 | D:8      | Noticed a troll
  1598 | D:8      | Killed from afar by an electric eel

Action                   |  1- 3 |  4- 6 || total
-------------------------+-------+-------++-------
Melee: Hand axe          |   104 |    85 ||   189
       War axe           |       |   102 ||   102
Throw: Throwing net      |       |     3 ||     3
Evoke: Wand              |       |     5 ||     5
  Use: Potion            |       |     6 ||     6
       Scroll            |       |     3 ||     3
